 Dungeon Crawl Stone Soup version 0.27-a0-1559-g299f994 (webtiles) character file.

Game seed: 2624327027668331920

58 Meow the Digger (level 4, 34/34 HPs)
             Began as a Ghoul Earth Elementalist on July 15, 2021.
             Quit the game on level 2 of the Dungeon.
             The game lasted 00:04:34 (1950 turns).

Meow the Digger (Ghoul Earth Elementalist)          Turns: 1950, Time: 00:04:35

Health: 34/34      AC:  2    Str: 11    XL:     4   Next: 1%
Magic:  6/6        EV: 12    Int: 11    God:
Gold:   65         SH:  0    Dex:  9    Spells: 3/7 levels left

rFire    . . .     SeeInvis .     - Unarmed
rCold    + . .     Faith    .   (no shield)
rNeg     + + +     Spirit   .   b - +0 robe
rPois    ∞         Reflect  .   (no helmet)
rElec    .         Harm     .   (no cloak)
rCorr    .         Rampage  .   (no gloves)
Will     .....                  (no boots)
Stlth    ++........             (no amulet)
HPRegen  0.11/turn              (no ring)
MPRegen  0.10/turn              (no ring)

@: no status effects
A: claws 1, cold resistance 1, negative energy resistance 3, inhibited
regeneration, torment resistance 2
a: no special abilities


You were on level 2 of the Dungeon.
You visited 1 branch of the dungeon, and saw 3 of its levels.

You collected 65 gold pieces.

Inventory:

Missiles
 a - 60 arrows
 c - 41 stones
 g - 10 poisoned darts
 i - 5 boomerangs
 l - a throwing net
Armour
 b - a +0 robe (worn)
Scrolls
 d - a scroll of immolation {unknown}
 f - a scroll of enchant weapon {unknown}
 k - a scroll of teleportation {unknown}
 m - a scroll of amnesia {unknown}
Potions
 e - a potion of flight {unknown}
 h - a potion of heal wounds {unknown}
 j - 2 potions of degeneration {unknown}


   Skills:
 + Level 0.5 Fighting
 + Level 2.2 Dodging
 + Level 2.4 Stealth
 + Level 2.0 Unarmed Combat
 + Level 2.1 Spellcasting
 + Level 0.8 Transmutations
 + Level 3.7 Earth Magic


You had 3 spell levels left.
You knew the following spells:

 Your Spells              Type           Power      Damage    Failure   Level
a - Sandblast             Erth           18%        2d7       6%          1
A - Stone Arrow           Conj/Erth      10%        3d7       38%         3

Your spell library contained the following spells:

 Spells                   Type           Power      Damage    Failure   Level
 Passwall                 Tmut/Erth      5%         N/A       17%         2
 Gell's Gravitas          Tloc           0%         N/A       65%         3
 Lesser Beckoning         Tloc           0%         N/A       65%         3
 Teleport Other           Tloc           1%         N/A       65%         3
 Petrify                  Tmut/Erth      6%         N/A       73%         4


Dungeon Overview and Level Annotations

Branches:
Dungeon (3/15)

Altars:

Annotations:
D:2 Terence


Innate Abilities, Weirdness & Mutations

You thrive by killing the living.
You are immune to poison.
You have sharp fingernails.
Your flesh is cold resistant. (rC+)
You are immune to negative energy. (rN+++)
You do not regenerate when monsters are visible.
You are immune to unholy pain and torment.


Message History

You now have 65 gold pieces (gained 8).
Found a scroll labelled JAORYS OPLA.
A frilled lizard comes into view.
A frilled lizard is nearby!
The helpless frilled lizard fails to defend itself.
You scratch the frilled lizard.
You kill the frilled lizard!
m - a scroll labelled JAORYS OPLA
There is a stone staircase leading down here.
You climb downwards.
The orc shouts! x3
Found a scale mail and a mace.
There is a stone staircase leading up here.
An orc wizard comes into view. It is wielding a +0 dagger.
The orc wizard shouts!
An endoplasm comes into view.
The orc closely misses you.
You climb upwards.
Level annotation: Terence
There is a stone staircase leading down here.
You closely miss the orc. The orc closely misses you.
Casting: Sandblast (safe; 6% risk of failure)
Confirm with . or Enter, or press ? or * to list all spells.
Aiming: Sandblast (safe; 6% risk of failure)
Press: ? - help, Shift-Dir - straight line, f - orc
Aim: an orc, wielding a +0 dagger (78% to hit)
Okay, then.
You scratch the orc but do no damage. You scratch the orc.
The orc is lightly wounded.
The orc closely misses you.
You barely miss the orc.
The orc is lightly wounded.
The orc hits you with a +0 dagger.
You claw the orc!
You kill the orc!
You feel better.
Your Unarmed Combat skill increases to level 2!
You have reached level 4!
Are you sure you want to abandon this character and quit the game? (Confirm with "yes".)

#########
###########.......#
#........##.#####.#
#.######.##.#...#.#
###.#...<#.##.#.#.#.#
................@[#.#
###.#.#..#.##.#..)#.#
..............#...#.#
.........#.#..#...#.#
.#....#..#.#..#...#.#
##....##......#...#.#
#......#......#...#.#
#..##..##.........#.#
@.# ..#.........#.#


There were no monsters in sight!

Vanquished Creatures
  A dart slug (D:1)
  An orc (D:2)
  2 ball pythons (D:1)
  3 endoplasms
  5 giant cockroaches
  5 goblins
  3 hobgoblins
  8 jackals
  3 quokkas
  3 bats (D:1)
  2 frilled lizards
  5 kobolds
  7 rats
48 creatures vanquished.

Notes
Turn   | Place    | Note
-------+----------+-------------------------------------------
     0 | D:1      | Meow the Ghoul Earth Elementalist began the quest for the
                  | Orb.
     0 | D:1      | Reached XP level 1. HP: 14/14 MP: 2/2
   291 | D:1      | Reached XP level 2. HP: 18/20 MP: 1/3
   627 | D:1      | Found a faded altar of an unknown god.
   791 | D:1      | Reached XP level 3. HP: 24/26 MP: 5/5
   795 | D:1      | Learned a level 3 spell: Stone Arrow
   831 | D:1      | Reached skill level 1 in Unarmed Combat
  1476 | D:2      | Noticed Terence
  1950 | D:2      | Reached XP level 4. HP: 34/34 MP: 6/6
  1950 | D:2      | Quit the game

Illustrated notes

Levels and vault maps discovered:
D:1:      wander_arrival_lonely_grave, layout_loops_cross,
          hellmonk_ecumenical_altar_leap_of_faith, minmay_heptomino_l4
D:2:      layout_basic, minmay_misc_feat_iff, uniq_terence
D:3:      layout_basic, worldfamousw_hep_ancestral_shrine,
          overflow_temple_1_default, moated_statue, uniq_crazy_yiuf_cottage,
          uniq_natasha, uniq_grinder, uniq_ijyb

Skill      XL: |  1  2  3 |
---------------+----------+-----
Dodging        | 2 |  2.2
Spellcasting   | 2 |  2.1
Unarmed Combat | 2 |  2.0
Fighting       | |  0.5
Stealth        | |  2.4
Transmutations | |  0.8
Earth Magic    | |  3.7

Action                   |  1- 3 |  4- 6 || total
-------------------------+-------+-------++-------
Melee: Unarmed           |   163 |       ||   163
 Cast: Sandblast         |    12 |       ||    12
 Stab: Sleeping          |     3 |       ||     3
Armor: Robe              |    30 |       ||    30
Dodge: Dodged            |    92 |       ||    92

Table legend: (Time is in decaauts)
 A = Elapsed time spent in this place.
 B = Non-inter-level travel time spent in this place.
 C = Inter-level travel time spent in this place.
 D = Time resting spent in this place.
 E = Time spent auto-exploring this place.
 F = Levels seen in this place.
 G = Mean time per level.
                   A        B        C        D        E       F      G
               +--------+--------+--------+--------+--------+-----+--------+
         Total |   1946 |   1923 |     23 |    666 |    736 |   3 |  648.7 |
       Dungeon |   1946 |   1923 |     23 |    666 |    736 |   3 |  648.7 |
               +--------+--------+--------+--------+--------+-----+--------+

Top non-repeatable levels by time:
     D:1: 1338 daAuts
     D:2: 601 daAuts
     D:3: 6 daAuts
